 Dungeon Crawl Stone Soup version 0.21.1-1-g345015f (webtiles) character file.

4 Clueless the Sneak (level 1, -1/9 HPs)
             Began as a Spriggan Enchanter on Mar 25, 2018.
             Slain by a hobgoblin (3 damage)
             ... on level 1 of the Dungeon.
             The game lasted 00:02:52 (372 turns).

Clueless the Sneak (Spriggan Enchanter)              Turns: 372, Time: 00:02:53

Health: -1/9       AC:  2    Str:  4    XL:     1   Next: 50%
Magic:  5/5        EV: 18    Int: 16    God:
Gold:   17         SH:  0    Dex: 16    Spells: 4/5 levels left

rFire    . . .     SeeInvis +   a - +1 dagger
rCold    . . .     Gourm    .   (shield restricted)
rNeg     . . .     Faith    .   b - +0 robe
rPois    .         Spirit   .   (helmet restricted)
rElec    .         Reflect  .   (no cloak)
rCorr    .         Harm     .   (gloves unavailable)
MR       .....     Rnd*Tele +   (boots unavailable)
Stlth    +++.......             (no amulet)
HPRegen  0.03/turn              h - ring of teleportation (curse)
MPRegen  0.09/turn              (no ring)

@: very quick
A: very small, unfitting armour, see invisible, herbivore, speed 3, slow
metabolism 2
a: no special abilities


You were on level 1 of the Dungeon.
You were not hungry.

You visited 1 branch of the dungeon, and saw 1 of its levels.

You collected 17 gold pieces.

Inventory:

Hand Weapons
 a - a +1 dagger (weapon)
Missiles
 l - 2 tomahawks (quivered)
Armour
 b - a +0 robe (worn)
Jewellery
 h - a cursed ring of teleportation (left hand)
Scrolls
 e - a scroll of enchant weapon {unknown}
 f - 2 scrolls of teleportation {unknown}
 g - a scroll of random uselessness {unknown}
 i - a scroll of remove curse {unknown}
 k - a scroll of noise {unknown}
Potions
 j - a potion of magic {unknown}
Books
 c - a book of Maledictions

   Spells                             Type                      Level
   a - Corona                         Hexes                        1
   b - Ensorcelled Hibernation        Hexes/Ice                    2
   c - Confuse                        Hexes                        3
   d - Tukima's Dance                 Hexes                        3
   e - Dazzling Spray                 Conjuration/Hexes            3
Comestibles
 d - 2 rations


   Skills:
 + Level 1.1 Short Blades
 + Level 3.0 Dodging
 + Level 4.4 Stealth
 - Level 2.6 Spellcasting
 - Level 4.0 Hexes


You had 4 spell levels left.
You knew the following spells:

 Your Spells              Type           Power        Failure   Level  Hunger
a - Corona                Hex            ###....      3%          1    #......


Dungeon Overview and Level Annotations

Branches:
Dungeon (1/15)

Altars:


Innate Abilities, Weirdness & Mutations

You are very small and have problems with some larger weapons.
You are too small for most types of armour.
You have supernaturally acute eyesight. (SInv)
You are a herbivore.
You cover ground extremely quickly.
You need consume almost no food.


Message History

You kill the goblin!
Your Hexes skill increases to level 4!
l - 2 tomahawks (gained 1) You're too inexperienced to learn that spell!
You hit the hobgoblin.
The hobgoblin is heavily wounded.
The hobgoblin hits you.
* * * LOW HITPOINT WARNING * * *
Casting: Corona
Confirm with . or Enter, or press ? or * to list all spells.
Aiming: Corona
Press: ? - help, Shift-Dir - straight line, f - hobgoblin
Aim: a hobgoblin (heavily wounded, chance to defeat MR: 69%)
The hobgoblin is outlined in light.
The goblin shouts!
You are suddenly yanked towards a nearby monster!
Your surroundings suddenly seem different.
Found 8 gold pieces.
You hit the hobgoblin but do no damage. The hobgoblin hits you.
You die...

.####......####
...........##.. ##
###.......(.... ##.
#..........## ####..###
#..........#. ........#
###........#.
........######........#g
......................#.
.......@.....##...>.....
......g$.##..##.......#.
.........#.. #.......#.
.###.###... ##.......#g
#. #.## #........#. ##.#
#.#####..###...#. ...
#............#.#.
#.##..........#...#.
#..#..........##..#.


You could see a hobgoblin.

Vanquished Creatures
  A goblin (D:1)
  A hobgoblin (D:1)
  2 rats (D:1)
4 creatures vanquished.

Notes
Turn   | Place    | Note
-------+----------+-------------------------------------------
     0 | D:1      | Clueless the Spriggan Enchanter began the quest for the Orb.
     0 | D:1      | Reached XP level 1. HP: 9/9 MP: 5/5
   372 | D:1      | Slain by a hobgoblin

Skill      XL: |  1 |
---------------+----+-----
Hexes          | 4 |  4.0
Short Blades   | |  1.1
Dodging        | |  3.0
Stealth        | |  4.4
Spellcasting   | |  2.6

Action                   || total
-------------------------++-------
Melee: Dagger            ||    14
Throw: Tomahawk          ||     3
 Cast: Corona            ||     1
 Stab: Sleeping          ||     1
Armor: Robe              ||     1
Dodge: Dodged            ||    12
